 Dungeon Crawl Stone Soup version 0.31-b1-22-gc680215f68 (webtiles) character file.

Game seed: 13016424565792065169

29 Esekla the Sneak (level 3, 15/26 HPs)
             Began as an Octopode Delver on Jan 19, 2024.
             Quit the game on level 4 of the Dungeon.
             The game lasted 00:03:55 (198 turns).

Esekla the Sneak (Octopode Delver)                   Turns: 198, Time: 00:03:55

Health: 15/26      AC:  1    Str: 11    XL:     3   Next: 16%
Magic:  3/3        EV: 13    Int: 14    God:
Gold:   41         SH:  0    Dex: 13    Spells: 3/3 levels left

rFire   . . .        a - +0 falchion
rCold   . . .        (no shield)
rNeg    . . .        (helmet restricted)
rPois   .            (no amulet)
rElec   .            (no ring)
rCorr   .            (no ring)
SInv    .            (no ring)
Will    .....        (no ring)
Stlth   +++++        (no ring)
HPRegen 0.24/turn    (no ring)
MPRegen 0.08/turn    (no ring)
                     (no ring)

%: no passive effects
@: no status effects
A: almost no armour, amphibious, 8 rings, camouflage 1, gelatinous body 1,
nimble swimmer 1, tentacles
a: no special abilities


You were on level 4 of the Dungeon.
You visited 1 branch of the dungeon, and saw 2 of its levels.

You collected 41 gold pieces.

Inventory:

Hand Weapons
 a - a +0 falchion (weapon)
Wands
 f - a wand of digging (3)
Scrolls
 b - a scroll of fog
Potions
 g - a potion of curing {unknown}


   Skills:
 * Level 3.2 Fighting
 * Level 2.1 Long Blades
 * Level 2.1 Dodging
 + Level 7.1 Stealth
 * Level 0.5 Spellcasting
 * Level 0.6 Ice Magic


You had 3 spell levels left.
You didn't know any spells.
Your spell library contained the following spells:

 Spells                   Type           Power      Damage    Failure   Level
 Freeze                   Ice            8%         1d3       22%         1
 Frozen Ramparts          Ice            4%         1d1       54%         3
 Hailstorm                Conj/Ice       1%         3d5       58%         3


Dungeon Overview and Level Annotations

Branches:
Dungeon (5/15)
 Temple: D:4-7

Altars:

Shops:
D:4 *   D:5 *


Innate Abilities, Weirdness & Mutations

You cannot wear most types of armour.
You are amphibious.
You can wear up to eight rings at the same time.
Your skin changes colour to match your surroundings (Stealth+).
Your rubbery body absorbs attacks. (AC +1, EV +1)
You are camouflaged when in or above water. (Stealth+)
You have tentacles for arms and can constrict up to eight enemies at once.


Message History

The liquid fire burns you!
* * * LOW HITPOINT WARNING * * *
You shake off the liquid fire.
An orc comes into view. It is wielding a +0 club.
You feel yourself speed up. The hound barely misses you.
The hound attacks as it pursues you! The hound barely misses you.
There is an entrance to Nyippule's General Store here.
You can access your shopping list by pressing '$'.
There is an escape hatch in the ceiling here.
The hound bites you.
* * * LOW HITPOINT WARNING * * *
A mysterious force pulls you upwards. The hatch slams shut behind you.
The hound misses you.
Found 12 gold pieces.
You hit the hound. Your grab misses the hound.
The hound is moderately wounded.
The hound bites you but does no damage.
You closely miss the hound. Your grab misses the hound. You squeeze the hound!
You kill the hound!
Your Stealth skill increases to level 7!
You have reached level 2!
You have reached level 3!
Your experience leads to an increase in your attributes!
Increase (S)trength, (I)ntelligence, or (D)exterity?
You feel clever. x2
A dart slug comes into view.
You see here 12 gold pieces.
You now have 41 gold pieces (gained 12).
Sorry, I don't know how to get there.
Sorry, I don't know how to get there.
You enter the deep water.
Your extra speed is starting to run out.
You feel yourself slow down.
You open the door.
A gnoll sergeant and 5 gnolls come into view.
A gnoll is wielding a +2 heavy flail.
The gnoll shouts! x4
The gnoll sergeant moves out of view.
Found a glowing emerald potion.
Are you sure you want to abandon this character and quit the game? (Confirm with "yes".)

###########
#≈≈≈≈≈≈≈≈≈#
#≈##@≈≈##≈#
#≈#######≈#
#####≈≈# #≈≈#
#......ggg!#≈≈#
#..#..≈≈#g..#≈≈#
#.....≈#######≈#
......≈##≈≈≈##≈#
#.....≈≈≈≈≈≈≈≈≈#
#.....##.#######


There were no monsters in sight!

Vanquished Creatures
  A hound (D:4)
1 creature vanquished.

Notes
Turn   | Place    | Note
-------+----------+-------------------------------------------
     0 | D:5      | Esekla the Octopode Delver began the quest for the Orb.
     0 | D:5      | Reached XP level 1. HP: 16/16 MP: 1/1
    25 | D:5      | Noticed an ogre
    40 | D:5      | Noticed a scorpion
    71 | D:5      | Noticed a hound
    94 | D:5      | Noticed a hound
   102 | D:5      | Noticed an ogre
   114 | D:5      | Found Nyippule's General Store.
   117 | D:5      | Noticed a bombardier beetle
   142 | D:4      | Killed a hound
   143 | D:4      | Reached skill level 7 in Stealth
   143 | D:4      | Reached XP level 2. HP: 4/21 MP: 2/2
   143 | D:4      | Reached XP level 3. HP: 5/26 MP: 3/3
   192 | D:4      | Noticed a gnoll sergeant
   198 | D:4      | Quit the game

Illustrated notes

Levels and vault maps discovered:
D:4:      layout_loops_corners, marbit_many_paths,
          minmay_temple_entry_statues_pillars, gammafunk_ghost_split,
          abandoned_shop, lightli_minifort
D:5:      layout_basic, serial_shops, nicolae_shop_statue_plus, dk_vineyard_3

Skill      XL: |  1 |
---------------+----+-----
Stealth        | 7 |  7.1
Fighting       | |  3.2
Long Blades    | |  2.1
Dodging        | |  2.1
Spellcasting   | |  0.5
Ice Magic      | |  0.6

Action                     || total
---------------------------++-------
  Melee: Falchion          ||     2
         Tentacles         ||     1
    Use: Scroll            ||     2
         Potion            ||     1
 Armour: Skin              ||     2
  Dodge: Dodged            ||     4
